 Dungeon Crawl Stone Soup version 0.32-a0-427-g448f42529f (webtiles) character file.

Game seed: 651167065684729466

1593 Essalna the Magician (level 8, -9/46 HPs)
             Began as a Deep Elf Earth Elementalist on Feb 20, 2024.
             Was an Initiate of Vehumet.
             Shot with a bolt by an orc warrior (19 damage)
             ... on level 6 of the Dungeon on Feb 22, 2024.
             The game lasted 00:12:06 (5605 turns).

Essalna the Magician (Deep Elf Earth Elementalist)  Turns: 5605, Time: 00:12:06

Health: -9/46      AC:  3    Str:  5    XL:     8   Next: 61%
Magic:  19/20      EV: 14    Int: 38    God:    Vehumet [......]
Gold:   236        SH:  0    Dex: 15    Spells: 17/21 levels left

rFire   . . .        x - +3 rapier of the Depths {flame, Int+3 SInv}
rCold   . . .        (no shield)
rNeg    . . .        a - +0 robe
rPois   .            (no helmet)
rElec   .            (no cloak)
rCorr   .            (no gloves)
SInv    +            A - +0 pair of boots
Will    .....        (no amulet)
Stlth   ++           o - +6 ring of intelligence
HPRegen 0.27/turn    t - +6 ring of intelligence
MPRegen 0.17/turn

%: no passive effects
@: no status effects
A: no striking features
a: Renounce Religion


You were on level 6 of the Dungeon.
You worshipped Vehumet.
Vehumet was noncommittal.
You visited 2 branches of the dungeon, and saw 7 of its levels.
You also visited: Ossuary.

You collected 236 gold pieces.

Inventory:

Hand Weapons
 k - a +2 short sword of holy wrath
 x - the +3 rapier of the Depths (weapon) {flame, Int+3 SInv}
   (You found it on level 4 of the Dungeon)

   Int+3:     It affects your intelligence (+3).
   SInv:      It lets you see invisible.
Armour
 a - a +0 robe (worn)
 A - a +0 pair of boots (worn)
Jewellery
 m - a +6 ring of dexterity
 n - a ring of poison resistance
 o - a +6 ring of intelligence (left hand)
 t - a +6 ring of intelligence (right hand)
 v - a ring of protection from cold
Wands
 r - a wand of iceblast (9)
Scrolls
 c - a scroll of enchant armour
 e - 2 scrolls of noise
 f - 4 scrolls of fog
 g - a scroll of butterflies
 i - 4 scrolls of teleportation
 l - a scroll of amnesia
 w - 2 scrolls of immolation
 y - a scroll of enchant weapon
Potions
 b - 2 potions of magic
 h - a potion of brilliance {unknown}
 j - 5 potions of curing
 p - a potion of haste {unknown}
 q - 3 potions of mutation {unknown}
 s - a potion of invisibility {unknown}
 u - a potion of ambrosia {unknown}
 z - a potion of cancellation {unknown}


   Skills:
 + Level 3.0 Fighting
 + Level 2.8 Armour
 + Level 5.1 Dodging
 - Level 2.4 Stealth
 - Level 7.0 Spellcasting
 + Level 5.5 Conjurations
 + Level 6.4 Earth Magic


You had 17 spell levels left.
You knew the following spells:

 Your Spells              Type           Power      Damage    Failure   Level
a - Sandblast             Erth           100%       2d20      1%          1
b - Stone Arrow           Conj/Erth      100%       3d13      1%          3

Your spell library contained the following spells:

 Spells                   Type           Power      Damage    Failure   Level
 Passwall                 Erth           58%        N/A       1%          3
 Brom's Barrelling Bould  Conj/Erth      56%        2d7       2%          4
 Leda's Liquefaction      Alch/Erth      18%        N/A       8%          4
 Petrify                  Alch/Erth      37%        N/A       8%          4
 Frozen Ramparts          Ice            26%        1d4       9%          3
 Metabolic Englaciation   Hex/Ice        6%         N/A       58%         5


Dungeon Overview and Level Annotations

Branches:
Dungeon (6/15)             Temple (1/1) D:5         Ossuary (visited)

Altars:
Ashenzari
Cheibriados
Dithmenos
Fedhas
Gozag
Kikubaaqudgha
Makhleb
Nemelex Xobeh
Okawaru
Qazlal
Ru
Sif Muna
Vehumet
Wu Jian
Yredelemnul
Zin
The Shining One

Shops:
D:5 =

Annotations:
D:3 3 runed translucent doors, makewrite's ghost, amateur MiGl


Message History

You kill the orc!
Vehumet accepts your kill.
The orc warrior unwields a +0 flail.
The orc warrior wields a +0 arbalest.
The orc warrior shoots a bolt.
The bolt misses you.
An orc comes into view. It is wielding a +0 morningstar.
The orc warrior unwields a +0 hand axe.
The orc warrior wields a +0 arbalest.
The orc warrior shoots a bolt.
The bolt hits you!
An orc comes into view. It is wielding a +0 short sword.
You hear a shout!
The blast of sand hits the orc warrior!
The orc warrior is moderately wounded.
The blast of sand hits the orc!
You kill the orc!
Vehumet accepts your kill.
The orc warrior shoots a bolt.
The bolt misses you.
The orc warrior shoots a bolt.
The bolt hits you!!
An orc comes into view. It is wielding a +0 short sword.
The orc warrior shoots a bolt.
The bolt barely misses you.
The orc warrior shoots a bolt.
The bolt hits you.
You are too injured to fight recklessly!
You are too injured to fight recklessly!
You are too injured to fight recklessly!
Okay, then.
Unknown command.
Unknown command.
Blink to where?
Press: ? - help, Dir - move target
As you read the scroll of blinking, it crumbles to dust.
Things that are here:
a +0 dagger; a +0 robe; an orc corpse
Things that are here:
a +0 club; an orc corpse An orc warrior is nearby!
An orc warrior is nearby!
The orc warrior shoots a bolt.
The bolt hits you!!
* * * LOW HITPOINT WARNING * * *
There is an open door, spattered with blood here.
It was a potion of curing.
You feel better.
The orc warrior shoots a bolt.
The bolt hits you!!
You die...

#......#
######o# #.#
##.####
#.....#
#.....#
#.....#
##'#### #@#
#.# #.#####
#.....#
#####.# #...#
##########.###
#........#.#
#.######.#.#


You could see an orc warrior.

Vanquished Creatures
  Eustachio (D:5)
  2 black bears
  An elf zombie (Ossuary)
  A scorpion (D:4)
  3 centaur zombies (Ossuary)
  A hound (D:6)
  2 human zombies (Ossuary)
  2 bombardier beetles (D:5)
  A gnoll bouda (D:4)
  3 orc priests
  A spectral scorpion (Ossuary)
  Natasha (thrice) (D:4)
  2 iguanas (D:5)
  2 orc wizards
  2 crocodile zombies (Ossuary)
  A spectral hound (Ossuary)
  3 mummies (Ossuary)
  12 gnolls
  4 adders
  4 ufetubi
  3 spectral adders (Ossuary)
  2 spectral gnolls (Ossuary)
  5 ribbon worms
  A dart slug (D:1)
  3 adder simulacra (Ossuary)
  20 orcs
  5 endoplasms
  3 giant cockroaches
  4 goblins
  10 hobgoblins
  7 jackals (D:2)
  4 kobolds
  4 quokkas
  7 ball pythons
  5 bats
  5 frilled lizards
  3 gnoll simulacra (Ossuary)
  7 gnoll zombies (Ossuary)
  4 jackal simulacra (Ossuary)
  5 kobold zombies (Ossuary)
  4 orc zombies (Ossuary)
  6 rats
  4 spectral jackals (Ossuary)
  A spectral kobold (D:3)
173 creatures vanquished.

Notes
Turn   | Place    | Note
-------+----------+-------------------------------------------
     0 | D:1      | Essalna the Deep Elf Earth Elementalist began the quest for
                  | the Orb.
     0 | D:1      | Reached XP level 1. HP: 10/10 MP: 6/6
   125 | D:1      | Reached XP level 2. HP: 15/15 MP: 6/8
   563 | D:1      | Reached XP level 3. HP: 19/19 MP: 5/10
   656 | D:1      | Learned a level 3 spell: Stone Arrow
  1002 | D:2      | Reached skill level 4 in Spellcasting
  1345 | D:2      | Reached XP level 4. HP: 20/24 MP: 7/12
  1993 | D:3      | Found a faded altar of an unknown god.
  2055 | D:3      | Reached XP level 5. HP: 28/28 MP: 9/14
  2110 | D:3      | Found a runed translucent gate.
  2111 | D:3      | Found a runed translucent gate.
  2111 | D:3      | Noticed makewrite's ghost (amateur MiGl)
  2112 | D:3      | Found a runed translucent gate.
  2125 | D:3      | Reached skill level 5 in Spellcasting
  2289 | D:3      | Upgraded the game from 0.32-a0-401-g0bcb2a7693 to
                  | 0.32-a0-427-g448f42529f
  2609 | D:4      | Found a sand-covered staircase.
  2614 | Ossuary  | Entered an ossuary
  2627 | Ossuary  | Reached skill level 5 in Earth Magic
  2716 | Ossuary  | Reached XP level 6. HP: 21/30 MP: 9/16
  2897 | Ossuary  | Reached skill level 1 in Fighting
  2897 | Ossuary  | Reached skill level 1 in Armour
  3080 | Ossuary  | Reached skill level 6 in Spellcasting
  3118 | Ossuary  | Reached XP level 7. HP: 35/38 MP: 15/18
  3443 | D:4      | Noticed Natasha
  3446 | D:4      | Killed Natasha
  3478 | D:4      | Noticed Natasha
  3481 | D:4      | Killed Natasha
  3694 | D:4      | Noticed Natasha
  3697 | D:4      | Killed Natasha
  4129 | D:4      | Identified the +3 rapier of the Depths {flame, Int+3 SInv}
  4161 | D:5      | Entered Level 5 of the Dungeon
  4278 | D:5      | Found Ziezaips's Jewellery Shoppe.
  4300 | D:5      | Noticed Eustachio
  4350 | D:5      | Killed Eustachio
  4351 | D:5      | Reached XP level 8. HP: 45/45 MP: 9/20
  4445 | D:5      | Reached skill level 5 in Conjurations
  4761 | D:5      | Found a staircase to the Ecumenical Temple.
  4776 | Temple   | Entered the Ecumenical Temple
  4863 | Temple   | Became a worshipper of Vehumet
  5096 | D:5      | Reached skill level 7 in Spellcasting
  5574 | D:6      | Reached skill level 5 in Dodging
  5605 | D:6      | Shot with a bolt by an orc warrior

Illustrated notes

Levels and vault maps discovered:
D:1:      dpeg_arrival_long_road, layout_loops_ring, minmay_misc_feat_nine_boxes
D:2:      layout_basic
D:3:      layout_basic, gammafunk_ghost_nasty_kobolds,
          dreamdust_ecumenical_altar_drowned_temple
D:4:      layout_loops_cross, enter_ossuary_2, uniq_natasha
D:5:      layout_basic, minmay_temple_entry_statues_pillars, serial_shops,
          nicolae_shop_stone, minmay_misc_feat_enclosed, uniq_blork_the_orc,
          uniq_eustachio
D:6:      layout_basic, mainiacjoe_overflow_catwalk_spiral,
          nicolae_uskayaw_dance_hall, mainiacjoe_overflow_brackets,
          uniq_sigmund, uniq_prince_ribbit1, uniq_menkaure
Temple:   minmay_crystal_spiral_temple

Skill      XL: |  1  2  3  4  5  6  7  8 |
---------------+-------------------------+-----
Conjurations   | 2 3 4 5 |  5.5
Spellcasting   | 4 5 6 7 |  7.0
Earth Magic    | 4 5 6 |  6.4
Fighting       | 1 2 3 |  3.0
Armour         | 1 2 |  2.8
Dodging        | 3 4 5 |  5.1
Stealth        | |  2.4

Action                     |  1- 3 |  4- 6 |  7- 9 || total
---------------------------+-------+-------+-------++-------
  Melee: Short sword       |     1 |       |       ||     1
         Rapier            |       |       |     1 ||     1
   Cast: Sandblast         |    43 |   107 |    98 ||   248
         Stone Arrow       |       |       |     3 ||     3
    Use: Scroll            |       |     4 |    10 ||    14
         Potion            |       |       |     1 ||     1
 Armour: Robe              |     7 |    23 |    21 ||    51
  Dodge: Dodged            |     8 |    56 |    21 ||    85

Table legend: (Time is in decaauts)
 A = Elapsed time spent in this place.
 B = Non-inter-level travel time spent in this place.
 C = Inter-level travel time spent in this place.
 D = Time resting spent in this place.
 E = Time spent auto-exploring this place.
 F = Levels seen in this place.
 G = Mean time per level.
                   A        B        C        D        E       F      G
               +--------+--------+--------+--------+--------+-----+--------+
         Total |   5730 |   5362 |    368 |     53 |   4335 |   8 |  716.2 |
       Dungeon |   4741 |   4545 |    196 |     53 |   3768 |   6 |  790.2 |
        Temple |    174 |      2 |    172 |      0 |      0 |   1 |  174.0 |
       Ossuary |    814 |    814 |      0 |      0 |    567 |   1 |  814.0 |
               +--------+--------+--------+--------+--------+-----+--------+

Top non-repeatable levels by time:
     D:5: 1143 daAuts
     D:2: 1012 daAuts
     D:1: 929 daAuts
     D:4: 818 daAuts
 Ossuary: 814 daAuts
     D:3: 691 daAuts
  Temple: 174 daAuts
     D:6: 146 daAuts
